Map: Traitor's Exile

Players

Aphorism

  • Race: Zerg Zerg
  • League: Diamond
  • Spawn Location: 12:00

Anithralia

  • Race: Protoss Protoss
  • League: Silver
  • Spawn Location: 9:00

OpuS - Winner!

  • Race: Protoss Protoss
  • League: Platinum
  • Spawn Location: 6:00

Sketchaphone - Winner!

  • Race: Zerg Zerg
  • League: Platinum
  • Spawn Location: 5:00

VOD

Have the link to the VOD?

Description

Time

  • Played on: Feb. 24, 2019, 8:25 p.m.
  • Length: 8:44
Show
View Real Time Build Order
Export as new Build Order

Aphorism Zerg 

Build Orders: Hatch First, Swarm Host 

Get SALT Encoding   

  12  0:01  Drone  
  13  0:13  Overlord  
  13  0:18  Drone  
  14  0:31  Drone x2  
  16  0:54  Drone, Hatchery  
  16  0:57  Drone  
  16  1:04  Drone  
  18  1:17  Spawning Pool  
  17  1:30  Extractor  
  17  1:32  Drone x3  
  19  1:33  Extractor  
  18  1:46  Drone  
  19  1:59  Drone  
  20  2:04  Queen  
  20  2:07  Queen  
  24  2:11  Overlord  
  24  2:22  Drone x2  
  26  2:23  Drone  
  27  2:41  Lair  
  27  2:47  Drone x2  
  27  2:48  Drone x2  
  31  3:08  Zergling x8  
  35  3:17  Metabolic Boost  
  35  3:42  Infestation Pit, Drone  
  35  3:43  Overlord  
  35  3:44  Overlord  
  35  3:49  Drone  
  36  3:56  Extractor  
  36  3:59  Drone  
  36  4:00  Extractor  
  36  4:01  Drone  
  36  4:10  Nydus Network  
  31  4:17  Zergling x2  
  31  4:18  Zergling x14  
  25  5:04  Swarm Host x3  
  25  5:05  Swarm Host x2  
  40  5:11  Hatchery  
  33  5:40  Nydus Canal  
  33  5:46  Queen  
  35  6:01  Swarm Host x3  
  35  6:03  Overlord  
  35  6:04  Overlord  
  44  6:21  Nydus Canal  
  44  6:27  Swarm Host x2  
  50  6:55  Queen  
  50  6:56  Drone  
  50  6:57  Drone x5  
  58  7:18  Spore Crawler  
  57  7:26  Drone  
  57  7:27  Drone x2  
  57  7:28  Overlord x2  
  57  7:53  Queen  
  51  7:59  Nydus Canal  
Show
View Real Time Build Order
Export as new Build Order

Anithralia Protoss 

Build Orders:  

Get SALT Encoding   

  12  0:03  Probe  
  13  0:15  Probe  
  14  0:24  Pylon  
  14  0:29  Probe  
  15  0:42  Probe  
  16  0:49  Gateway  
  16  0:55  Assimilator  
  16  1:07  Probe  
  17  1:13  Gateway  
  17  1:15  Probe  
  17  1:20  Assimilator  
  17  1:23  Probe  
  19  1:47  Cybernetics Core  
  19  1:51  Probe  
  19  1:57  Gateway  
  19  2:03  Probe  
  20  2:15  Probe  
  21  2:23  Stalker  
  21  2:26  Warp Gate  
  23  2:38  Pylon  
  23  2:52  Probe  
  23  2:55  Pylon  
  23  2:56  Stalker  
  26  3:00  Probe  
  26  3:04  Stalker  
  29  3:10  Probe  
  28  3:19  Sentry  
  31  3:25  Pylon  
  31  3:40  Twilight Council  
  31  3:46  Gateway  
  31  3:50  Forge  
  31  4:16  Stalker x3  
  24  4:51  Stalker x2  
  24  4:58  Probe  
  14  5:35  Stalker x2  
  18  6:00  Photon Cannon  
  18  6:05  Probe  
  19  6:17  Probe  
  20  6:25  Probe  
  21  6:33  Probe  
  21  6:36  Stalker  
  24  6:45  Adept  
  20  7:06  Adept  
  20  7:07  Adept x2  
  25  7:22  Probe  
  26  7:32  Probe  
  27  7:40  Probe  
  27  7:48  Probe  
  25  8:00  Stalker x2, Probe  
  25  8:01  Stalker  
  26  8:30  Probe  
  21  8:36  Zealot x2  
  21  8:37  Zealot x2  
Show
View Real Time Build Order
Export as new Build Order

OpuS Protoss - Winner!

Build Orders: Oracle Opening 

Get SALT Encoding   

  12  0:01  Probe  
  13  0:13  Probe  
  14  0:25  Pylon  
  14  0:27  Probe  
  15  0:43  Probe  
  15  0:49  Gateway  
  16  0:54  Probe  
  17  1:01  Assimilator  
  17  1:02  Probe  
  17  1:03  Assimilator  
  17  1:10  Probe  
  18  1:16  Gateway  
  19  1:20  Probe  
  20  1:28  Probe  
  21  1:47  Cybernetics Core  
  21  1:49  Pylon  
  21  1:52  Probe  
  22  2:03  Probe  
  23  2:15  Probe  
  24  2:24  Stalker x2  
  24  2:25  Warp Gate  
  28  2:34  Pylon  
  28  2:35  Probe  
  29  2:42  Stargate  
  29  2:50  Gateway  
  29  2:53  Probe  
  30  3:05  Stalker  
  32  3:11  Stalker  
  34  3:16  Probe  
  34  3:19  Pylon  
  35  3:21  Oracle  
  38  3:40  Probe  
  39  3:43  Stalker  
  39  3:47  Pylon  
  40  4:21  Nexus  
  40  4:35  Stalker, Pylon  
  40  4:36  Stalker  
  40  4:37  Stalker  
  44  4:51  Void Ray  
  40  5:09  Pylon  
  40  5:22  Twilight Council, Gateway  
  40  5:36  Void Ray  
  44  5:45  Probe x2, Charge  
  46  6:13  Probe  
  46  6:14  Probe  
  46  6:17  Void Ray  
  46  6:18  Zealot x4, Pylon  
  60  6:35  Probe  
  60  6:36  Probe  
  62  6:48  Zealot x3  
  62  6:49  Zealot  
  70  6:58  Void Ray  
  74  7:23  Zealot x3  
  74  7:24  Zealot, Probe  
  74  7:25  Probe  
  84  7:36  Probe  
  86  7:37  Probe  
  86  7:40  Pylon  
  86  7:42  Pylon  
  86  7:43  Assimilator  
  86  7:49  Probe x2  
  72  8:09  Probe x2  
  74  8:12  Gateway  
  74  8:14  Gateway  
  68  8:36  Zealot x2, Assimilator  
  68  8:37  Zealot x2  
Show
View Real Time Build Order
Export as new Build Order

Sketchaphone Zerg - Winner!

Build Orders: Hatch First 

Get SALT Encoding   

  12  0:01  Drone  
  13  0:12  Overlord  
  13  0:18  Drone  
  14  0:23  Extractor  
  14  0:24  Drone  
  15  0:34  Drone  
  15  0:35  Drone  
  17  0:59  Hatchery  
  16  1:05  Drone  
  16  1:06  Drone  
  16  1:09  Extractor  
  17  1:24  Spawning Pool  
  17  1:25  Drone  
  17  1:47  Drone  
  17  1:48  Overlord, Drone  
  19  1:58  Drone  
  20  2:14  Queen  
  22  2:19  Metabolic Boost  
  22  2:21  Zergling x6  
  25  2:30  Overlord  
  25  2:32  Drone  
  25  2:33  Drone  
  27  2:41  Roach Warren  
  26  2:54  Zergling x6  
  26  2:55  Zergling x2  
  30  3:02  Overlord  
  30  3:05  Zergling x2  
  31  3:16  Queen  
  31  3:17  Drone  
  31  3:18  Drone  
  35  3:24  Roach  
  35  3:25  Roach  
  39  3:28  Roach  
  41  3:38  Overlord  
  41  3:41  Roach  
  41  3:42  Roach  
  41  3:46  Ravager  
  46  3:49  Roach  
  48  3:56  Overlord  
  48  4:01  Roach  
  49  4:30  Zergling x2  
  49  4:31  Zergling x22  
  47  4:59  Lair  
  47  5:01  Extractor  
  47  5:02  Drone x4  
  36  5:43  Zergling x24  
  36  5:48  Hatchery  
  41  6:02  Zergling x4  
  43  6:28  Glial Reconstitution  
  43  6:30  Roach x6  
  54  6:54  Hatchery  
  43  7:02  Roach  
  43  7:03  Roach x6  
  43  7:07  Drone x2  
  59  7:19  Nydus Network, Drone  
  59  7:22  Drone  
  63  7:37  Drone x5  
  65  7:44  Evolution Chamber  
  62  8:00  Spire  
  62  8:05  Roach x2  
Tags
 
Add a new tag
Caveats
  • Supply blocks, unpowered buildings, or Contaminate may cause inaccurate times.
  • Supply counts are checked every 10 seconds.